Map: Dusk Towers

Players

MarkTeufel

  • Race: Zerg Zerg
  • League: Gold

STaR - Winner!

  • Race: Zerg Zerg
  • League: Gold

VOD

Have the link to the VOD?

Description

Time

  • Played on: Dec. 23, 2015, 11:28 a.m.
  • Length: 20:22
Show
View Real Time Build Order
Export as new Build Order

MarkTeufel Zerg 

Build Orders: Hatch First 

Get SALT Encoding   

  12  0:00  Drone  
  13  0:12  Drone  
  14  0:20  Overlord  
  14  0:27  Drone, Extractor  
  14  0:28  Extractor  
  13  0:29  Drone  
  16  0:39  Drone  
  17  0:52  Hatchery  
  16  1:00  Extractor  
  15  1:08  Spawning Pool  
  15  1:11  Drone  
  15  1:14  Drone  
  15  1:17  Drone  
  17  1:22  Drone  
  18  1:33  Drone  
  19  1:45  Drone  
  20  1:54  Queen  
  22  2:03  Metabolic Boost  
  22  2:09  Queen  
  22  2:12  Drone  
  25  2:26  Zergling x2  
  25  2:28  Drone x2  
  28  2:50  Zergling x2  
  28  3:06  Baneling Nest, Zergling x2  
  28  3:10  Hatchery  
  26  3:24  Drone x2  
  26  3:25  Overlord  
  26  3:26  Overlord  
  28  3:35  Burrow  
  28  3:43  Extractor  
  26  3:52  Lair  
  26  3:53  Drone x3  
  28  4:03  Zergling x4  
  28  4:04  Zergling x4  
  32  4:12  Drone, Extractor  
  32  4:13  Drone x5, Extractor  
  32  4:16  Zergling x4  
  38  4:21  Baneling x4  
  33  4:58  Drone x3  
  33  4:59  Baneling  
  36  5:01  Spire  
  36  5:06  Zergling x6  
  36  5:07  Zergling x4  
  39  5:09  Queen  
  39  5:10  Drone x3  
  40  5:31  Baneling x2  
  40  5:35  Drone x2  
  42  5:41  Extractor  
  41  5:46  Drone x4  
  41  5:47  Drone x2  
  47  6:01  Drone x2  
  49  6:07  Extractor  
  49  6:10  Overlord x2  
  48  6:17  Spore Crawler  
  47  6:21  Spore Crawler  
  47  6:23  Spore Crawler  
  45  6:26  Drone x3, Spore Crawler  
  45  6:31  Drone  
  45  6:32  Drone  
  49  6:33  Drone  
  49  6:35  Drone x2  
  49  6:36  Drone  
  53  6:46  Mutalisk x5  
  53  6:47  Mutalisk  
  57  6:53  Overlord x2  
  65  7:03  Spore Crawler  
  65  7:05  Spore Crawler  
  63  7:09  Spore Crawler  
  63  7:14  Spore Crawler  
  61  7:18  Spore Crawler  
  61  7:23  Mutalisk x6  
  71  7:51  Mutalisk, Drone  
  74  8:07  Overlord x3  
  58  8:27  Mutalisk x6  
  70  8:36  Mutalisk x2  
  70  8:37  Mutalisk x4  
  70  8:38  Spore Crawler  
  81  8:43  Overlord x2  
  81  8:49  Drone x2  
  81  8:50  Drone x3  
  82  9:07  Mutalisk x5  
  90  9:22  Spore Crawler  
  89  9:24  Spore Crawler  
  89  9:29  Mutalisk x4  
  96  9:41  Zergling x2  
  96  9:42  Zergling x10  
  102  9:48  Drone x2  
  102  9:49  Drone  
  102  9:52  Evolution Chamber  
  102  10:12  Zergling x2  
  102  10:13  Zergling x6  
  106  10:27  Overlord x3  
  106  10:28  Overlord  
  96  11:02  Mutalisk x14  
  120  11:05  Zergling x8  
  120  11:06  Zergling x6  
  124  11:47  Baneling  
  77  12:12  Mutalisk x9  
  77  12:13  Mutalisk x2  
  93  12:28  Zergling x12, Baneling, Queen x3  
  102  12:51  Mutalisk x4  
  102  12:52  Mutalisk x2  
  110  13:03  Queen  
  97  13:28  Mutalisk x3  
  97  13:29  Mutalisk x3  
  97  13:32  Zergling x2  
  97  13:33  Zergling x6  
  110  13:34  Zerg Melee Weapons Level 1  
  110  13:50  Infestation Pit  
  109  14:08  Hatchery  
  86  14:26  Zergling x2  
  86  14:27  Zergling x32  
  101  14:54  Hive  
  101  15:07  Baneling x2  
  101  15:08  Baneling x3  
  100  15:23  Mutalisk x11  
  100  15:25  Extractor  
  100  15:27  Extractor  
  104  15:55  Drone  
  104  15:56  Drone x2  
  107  16:07  Viper x2  
  107  16:09  Adrenal Glands  
  107  16:10  Zerg Melee Weapons Level 2  
  99  16:57  Spore Crawler  
  99  16:58  Spore Crawler, Mutalisk  
  99  16:59  Mutalisk x10, Spore Crawler  
  87  17:43  Zergling x2  
  87  17:44  Zergling x38  
  87  18:11  Drone x9  
  53  18:40  Baneling  
  35  18:41  Mutalisk x2  
  35  18:42  Mutalisk x8  
  35  18:45  Spore Crawler  
  35  18:47  Spore Crawler  
  53  18:49  Spore Crawler  
  43  19:17  Mutalisk x3  
  43  19:18  Zergling x2  
  43  19:19  Zergling x2  
  51  19:30  Zergling x10  
Show
View Real Time Build Order
Export as new Build Order

STaR Zerg - Winner!

Build Orders: Pool First 

Get SALT Encoding   

  12  0:01  Drone  
  13  0:12  Overlord  
  13  0:17  Drone  
  14  0:23  Extractor  
  14  0:24  Drone  
  15  0:34  Drone  
  15  0:35  Drone  
  17  0:41  Extractor  
  16  0:49  Spawning Pool  
  15  0:52  Drone  
  15  0:56  Drone  
  17  1:06  Drone  
  18  1:27  Hatchery  
  17  1:36  Queen  
  17  1:38  Zergling x2  
  20  1:48  Metabolic Boost  
  20  1:50  Zergling x2  
  21  1:55  Overlord  
  21  2:00  Drone  
  22  2:15  Queen  
  24  2:29  Drone x3  
  27  2:41  Overlord  
  26  3:16  Extractor  
  26  3:17  Lair  
  24  3:22  Baneling Nest, Zergling x4  
  24  3:23  Zergling x8  
  29  3:51  Drone x6  
  35  4:10  Overlord x2  
  35  4:11  Drone x2  
  35  4:12  Drone x3  
  40  4:18  Extractor  
  40  4:21  Extractor  
  38  4:32  Baneling x2  
  36  4:58  Drone, Spire  
  36  4:59  Drone x9  
  45  5:04  Baneling x2  
  43  5:24  Overlord x2  
  43  5:25  Overlord  
  42  5:36  Zergling x4  
  42  5:37  Zergling x2  
  45  6:07  Spore Crawler  
  45  6:11  Hatchery, Mutalisk x3  
  43  6:12  Mutalisk x3  
  43  6:13  Mutalisk  
  43  6:17  Spore Crawler  
  56  6:19  Spore Crawler  
  56  6:24  Spore Crawler  
  54  6:29  Mutalisk  
  54  6:31  Mutalisk  
  56  6:54  Mutalisk, Baneling x3  
  56  6:57  Spore Crawler  
  57  7:04  Mutalisk  
  57  7:06  Mutalisk  
  57  7:30  Mutalisk  
  57  7:31  Mutalisk  
  61  7:47  Mutalisk x2  
  65  8:02  Zerg Flyer Armor Level 1  
  65  8:17  Queen  
  67  8:31  Spore Crawler  
  67  8:33  Spore Crawler  
  63  8:41  Drone x14  
  77  8:50  Roach Warren  
  76  9:07  Overlord x5  
  76  9:08  Overlord  
  76  9:16  Mutalisk x5  
  86  9:31  Mutalisk x5  
  86  9:36  Extractor  
  86  9:37  Extractor  
  94  9:46  Mutalisk x2  
  98  9:57  Mutalisk  
  98  10:14  Drone x8  
  106  10:24  Zergling x22  
  116  10:41  Spine Crawler  
  115  10:43  Mutalisk x2  
  115  10:44  Mutalisk x3  
  115  10:45  Spine Crawler  
  124  11:00  Zerg Flyer Armor Level 2  
  124  11:07  Overlord x2  
  124  11:08  Overlord x2  
  114  11:51  Mutalisk x4  
  114  11:52  Mutalisk x5  
  124  11:59  Mutalisk  
  124  12:00  Mutalisk  
  80  12:16  Mutalisk x2  
  80  12:25  Mutalisk  
  76  12:35  Mutalisk  
  76  12:36  Mutalisk  
  78  12:41  Zergling x16  
  78  12:42  Zergling x10  
  91  12:53  Mutalisk x2  
  95  13:01  Mutalisk  
  95  13:02  Mutalisk  
  95  13:08  Baneling x4  
  91  13:15  Mutalisk  
  93  13:30  Mutalisk x2  
  93  13:31  Mutalisk  
  99  13:37  Overseer  
  99  13:43  Mutalisk  
  101  14:08  Mutalisk x4  
  105  14:13  Zerg Flyer Weapons Level 1  
  80  14:31  Mutalisk  
  80  14:32  Mutalisk x2  
  86  14:44  Mutalisk  
  86  14:45  Mutalisk  
  90  15:24  Zergling x2  
  90  15:25  Zergling x32  
  107  15:33  Hatchery  
  104  15:51  Mutalisk x5  
  104  15:54  Mutalisk  
  116  16:26  Mutalisk x6  
  116  16:27  Mutalisk  
  122  16:52  Extractor  
  121  17:11  Extractor  
  106  17:28  Mutalisk  
  106  17:29  Mutalisk x6  
  101  17:34  Zergling x2  
  101  17:35  Zergling x18  
  111  18:09  Spore Crawler  
  111  18:11  Spore Crawler  
  111  18:12  Zergling x12  
  104  18:13  Spine Crawler, Baneling x2  
  104  18:14  Baneling  
  89  18:38  Drone x4  
  91  18:47  Drone  
  91  18:48  Drone x2, Spore Crawler  
  93  19:04  Drone  
  93  19:05  Drone x2  
  96  19:12  Baneling x5  
Tags
 
Add a new tag
Caveats
  • Supply blocks, unpowered buildings, or Contaminate may cause inaccurate times.
  • Supply counts are checked every 10 seconds.